 Dungeon Crawl Stone Soup version 0.28.0-53-g5a82cb258f (webtiles) character file.

Game seed: 13598860632465264750

38601 issech the Fighter (level 13, -4/106 HPs)
             Began as a Minotaur Monk on June 24, 2022.
             Was a High Priest of Hepliaklqana.
             Slain by a deep troll earth mage (14 damage)
             ... on level 15 of the Dungeon.
             The game lasted 01:44:57 (24283 turns).

issech the Fighter (Minotaur Monk)                 Turns: 24283, Time: 01:44:58

Health: -4/106     AC: 22    Str: 25    XL:     13   Next: 64%
Magic:  3/3        EV: 12    Int:  6    God:    Hepliaklqana [*****.]
Gold:   1063       SH: 16    Dex: 26    Spells: 10/12 levels left

rFire   + + .      SeeInvis .   E - +10 rapier of Westia {vorpal, *Noise rPois Int+4 Dex+7}
rCold   + . .      Faith    .   N - +0 tower shield
rNeg    + . .      Spirit   .   T - +4 chain mail of Gravity {rF+ Will++ Str+2 Int-5}
rPois   +          Reflect  .   i - +1 hat
rElec   .          Harm     .   h - scarf {rC+ rF+}
rCorr   +          Rampage  .   X - +2 pair of gloves "Puniaq" {+Blink rCorr Dex+2}
Will    ++++.                   I - +0 pair of boots
Stlth   +.........              (no amulet)
HPRegen 0.27/turn               W - ring "Ohaerisabb" {Fly rPois rN+ Will++ MP-9}
MPRegen 0.08/turn               l - +6 ring of strength

@: about to teleport, flying, studying Shields
A: reduced essence, horns 2, retaliatory headbutt
a: Renounce Religion, Evoke Blink, Recall Ancestor, Ancestor Identity,
Transference, Idealise


You were on level 15 of the Dungeon.
You worshipped Hepliaklqana.
Hepliaklqana was extremely pleased with you.
You visited 3 branches of the dungeon, and saw 17 of its levels.
You also visited: Sewer and Bailey.

You collected 1728 gold pieces.
You spent 665 gold pieces at shops.

Inventory:

Hand Weapons
 z - a +0 hunting sling
 C - a +4 dire flail of protection
 E - the +10 rapier of Westia (weapon) {vorpal, *Noise rPois Int+4 Dex+7}
   (You found it on level 9 of the Dungeon)

   It inflicts extra damage upon your enemies.
   Int:       It affects your intelligence (+4).
   Dex:       It affects your dexterity (+7).
   rPois:     It protects you from poison.
   *Noise:    It may make noises in combat.
 H - a +0 hand crossbow
 V - a +2 war axe of flaming
Missiles
 c - 19 javelins
 f - 301 arrows
 j - 424 stones
 x - 10 boomerangs (quivered)
 y - 54 bolts
 F - 23 sling bullets
 L - 56 poisoned darts
 U - a throwing net
Armour
 b - +0 fire dragon scales
 h - a scarf of resistance (worn)
 i - a +1 hat (worn)
 k - the +1 ring mail of Egalitarianism {Fly Will- Str+3 Dex+9}
   (You found it on level 2 of the Dungeon)

   Str:       It affects your strength (+3).
   Dex:       It affects your dexterity (+9).
   Fly:       It grants you flight.
   Will:      It decreases your willpower.
 I - a +0 pair of boots (worn)
 N - a +0 tower shield (worn)
 O - a scarf of repulsion
 T - the +4 chain mail of Gravity (worn) {rF+ Will++ Str+2 Int-5}
   (You bought it in a shop on level 1 of the Dungeon)

   Str:       It affects your strength (+2).
   Int:       It affects your intelligence (-5).
   rF:        It protects you from fire.
   Will:      It greatly increases your willpower.
 X - the +2 pair of gloves "Puniaq" (worn) {+Blink rCorr Dex+2}
   (You acquired it on level 14 of the Dungeon)

   Dex:       It affects your dexterity (+2).
   +Blink:    It lets you blink.
   rCorr:     It protects you from acid and corrosion.
 Y - the +0 pair of gloves of Winter {Harm rC+ Will+ Dex+4}
   (You found it on level 15 of the Dungeon)

   Dex:       It affects your dexterity (+4).
   rC:        It protects you from cold.
   Harm:      It increases damage dealt and taken.
   Will:      It increases your willpower.
Jewellery
 a - a ring of willpower
 l - a +6 ring of strength (right hand)
 s - a ring of see invisible
 R - a ring of fire
 W - the ring "Ohaerisabb" (left hand) {Fly rPois rN+ Will++ MP-9}
   (You bought it in a shop on level 1 of the Dungeon)

   [ring of positive energy]

   rPois:     It protects you from poison.
   rN:        It protects you from negative energy.
   MP:        It affects your magic capacity (-9).
   Fly:       It grants you flight.
   Will:      It greatly increases your willpower.
Wands
 w - a wand of paralysis (10)
 D - a wand of flame (53)
 M - a wand of digging (10)
 P - a wand of charming (5)
 Q - a wand of mindburst (8)
 Z - a wand of iceblast (27)
Scrolls
 e - 7 scrolls of teleportation
 r - 2 scrolls of fear
 t - 4 scrolls of enchant armour
 v - a scroll of summoning
 A - 2 scrolls of amnesia
 B - 5 scrolls of enchant weapon
 G - a scroll of silence
 J - a scroll of fog
 S - a scroll of magic mapping
Potions
 d - 6 potions of might {unknown}
 g - 6 potions of curing
 m - 2 potions of magic
 n - 2 potions of flight
 o - 5 potions of heal wounds {unknown}
 p - 4 potions of brilliance {unknown}
 q - a potion of mutation
 u - 3 potions of haste {unknown}
 K - 2 potions of cancellation


   Skills:
 + Level 12.2 Fighting
 + Level 11.6(11.8) Short Blades
 + Level 2.7(8.6) Long Blades
 + Level 7.5(9.5) Axes
 + Level 8.2(9.6) Maces & Flails
 + Level 3.5(6.0) Polearms
 + Level 7.0 Slings
 + Level 1.3(4.2) Throwing
 + Level 11.8 Armour
 + Level 9.4 Dodging
 + Level 7.6 Stealth
 + Level 3.6 Shields


You had 10 spell levels left.
You knew the following spells:

 Your Spells              Type           Power      Damage    Failure   Level
a - Passwall              Tmut/Erth      0%         N/A       100%        2

Your spell library contained the following spells:

 Spells                   Type           Power      Damage    Failure   Level
 Ensorcelled Hibernation  Hex/Ice        0%         N/A       100%        2
 Sublimation of Blood     Necr           0%         N/A       100%        2
 Frozen Ramparts          Ice            0%         1d2       100%        3
 Ignite Poison            Fire/Tmut/Pois 0%         N/A       100%        3
 Mephitic Cloud           Conj/Pois/Air  0%         N/A       100%        3
 Ozocubu's Armour         Ice            0%         N/A       100%        3
 Swiftness                Air            0%         N/A       100%        3
 Ice Form                 Ice/Tmut       0%         N/A       100%        4
 Passage of Golubria      Tloc           0%         N/A       100%        4
 Petrify                  Tmut/Erth      0%         N/A       100%        4
 Summon Ice Beast         Ice/Summ       0%         N/A       100%        4
 Freezing Cloud           Conj/Ice/Air   0%         6-21      100%        5
 Irradiate                Conj/Tmut      0%         3d14      100%        5
 Metabolic Englaciation   Hex/Ice        0%         N/A       100%        5
 Silence                  Hex/Air        0%         N/A       100%        5
 Simulacrum               Ice/Necr       0%         N/A       100%        6
 Lehudib's Crystal Spear  Conj/Erth      0%         10d2      100%        8


Dungeon Overview and Level Annotations

Branches:
Dungeon (15/15)            Temple (1/1) D:6            Lair (0/6) D:10
    Orc (0/2) D:9          Vaults (0/5) D:13         Depths (1/4) D:15
  Sewer (visited)          Bailey (visited)

Altars:
Ashenzari
Cheibriados
Elyvilon
Fedhas
Gozag
Hepliaklqana
Kikubaaqudgha
Okawaru
Qazlal
Ru
Sif Muna
Trog
Uskayaw
Vehumet
Wu Jian
Xom
Yredelemnul
Zin
The Shining One

Shops:
D:1 *[=[   D:14 [

Annotations:
D:13 3 runed translucent doors, Iplucs's ghost, journeyman FeBe
D:14 1 runed translucent door


Innate Abilities, Weirdness & Mutations

Your life essence is reduced to manifest your ancestor. (-10% HP)
You have a pair of horns on your head.
You reflexively headbutt those who attack you in melee.


Message History

The deep troll earth mage bites you but does no damage.
The deep troll earth mage claws you!
You block the deep troll earth mage's attack.
You block the great orb of eyes's attack.
As you read the scroll of teleportation, it crumbles to dust.
You feel strangely unstable. The iron troll bites you!
* * * LOW HITPOINT WARNING * * *
The iron troll claws you but does no damage.
The iron troll claws you.
* * * LOW HITPOINT WARNING * * *
You block the deep troll earth mage's attack. x3
The great orb of eyes bites you but does no damage.
You puncture the great orb of eyes! You headbutt the great orb of eyes.
The great orb of eyes is heavily wounded.
You block the deep troll earth mage's attack.
The deep troll earth mage claws you but does no damage.
You block the deep troll earth mage's attack.
You block the iron troll's attack.
The iron troll claws you but does no damage. x2
The great orb of eyes bites you!
* * * LOW HITPOINT WARNING * * *
It was a potion of curing.
You feel better.
You block the deep troll earth mage's attack.
The deep troll earth mage claws you.
* * * LOW HITPOINT WARNING * * *
The deep troll earth mage claws you but does no damage.
The great orb of eyes closely misses you.
You furiously retaliate!
You headbutt the great orb of eyes! You puncture the great orb of eyes!
You headbutt the great orb of eyes!
The great orb of eyes is almost dead.
You block the iron troll's attack.
The iron troll claws you but does no damage.
The iron troll claws you!
* * * LOW HITPOINT WARNING * * *
The deep troll earth mage bites you.
* * * LOW HITPOINT WARNING * * *
The deep troll earth mage claws you.
* * * LOW HITPOINT WARNING * * *
The deep troll earth mage claws you!
You die...

#....#.............#....#
###'##.........####.###.##
####..########.R.#⌠..#.....##
......##...#####.#.....#....#
......#....#.....#...#.#...#####
......'....#..#.#.#.#..#...##..##
......#....#.#..T#)....#...##...#
##....##...#...TT#.#####...##...#
##'#######...#.G@#.....#.......##
..[....#..###.####.....#...##..##
.......'.....#.....#..##...##..##
##....##..........##..##...##...#
##....##.....#....##..##........#
......########....##............'
...................#..##...##..##
##....##..........##..##...###'##
##....##....##....##..##...#.....


You could see an iron troll, a great orb of eyes, a deep troll and a deep troll
earth mage.

Vanquished Creatures
  Rupert (D:15)
  Kirke (D:15)
  An ettin (D:15)
  A fire dragon (D:14)
  A boulder beetle (D:12)
  2 hydras
  A catoblepas (D:13)
  4 centaur warriors
  A two-headed ogre (D:10)
  2 tengu warriors
  A deep troll (shapeshifter) (D:14)
  3 deep trolls
  2 wizards
  3 deep elf pyromancers
  A necromancer (D:15)
  2 cyclopes (D:13)
  A manticore (D:13)
  An unseen horror (D:12)
  A komodo dragon (shapeshifter) (D:14)
  3 meliai (D:13)
  3 trolls
  12 slime creatures
  A shadow (D:13)
  Sigmund (D:4)
  2 wraiths
  5 hogs
  6 yaks (D:9)
  2 vampires
  15 vampire mosquitoes
  Edmund (D:5)
  Duvessa (D:4)
  3 acid dragons
  A water moccasin (D:8)
  6 orc warriors
  A black bear (D:7)
  An ice beast (D:6)
  A sky beast (D:6)
  An ogre (D:4)
  3 necrophages
  7 centaurs
  A phantom (D:6)
  5 kobold brigands
  2 bullfrogs (D:8)
  2 scorpions
  A wyvern zombie (D:7)
  3 earth elementals (D:11)
  Dowan (D:4)
  5 killer bees (D:10)
  An electric eel (D:8)
  A bullfrog zombie (D:5)
  2 centaur zombies
  A hound (D:6)
  2 jellies
  5 orc priests
  A centaur skeleton (D:5)
  A bullfrog skeleton (D:5)
  4 iguanas
  7 orc wizards
  A hound skeleton (D:4)
  2 howler monkey zombies
  Robin (D:4)
  3 gnolls (D:11)
  6 adders
  A shadow imp (D:6)
  3 ufetubi (D:7)
  2 worms (D:2)
  A dart slug (D:1)
  38 orcs
  9 ball pythons
  4 bats
  7 endoplasms
  A giant cockroach (D:1)
  17 goblins
  9 hobgoblins
  18 kobolds
  6 quokkas
  6 frilled lizards
  9 rats
295 creatures vanquished.

Vanquished Creatures (collateral kills)
  A hydra (D:15)
  Erica (D:8)
  A cyclops (D:12)
  An ugly thing (D:12)
  2 manticores
  A yaktaur (D:15)
  A kobold demonologist (D:9)
  2 trolls
  9 slime creatures
  2 dream sheep (D:10)
  A vampire (D:12)
  2 wraiths
  2 hogs (D:15)
  5 vampire mosquitoes
  10 orc warriors
  6 centaurs
  A phantom (D:5)
  2 kobold brigands (D:10)
  A bullfrog (D:7)
  A gnoll sergeant (D:11)
  An earth elemental (D:11)
  A water moccasin skeleton (D:5)
  A killer bee (D:10)
  7 wights
  A centaur zombie (D:8)
  An orc priest (D:12)
  4 orc wizards
  2 killer bee zombies
  4 gnolls
  A howler monkey skeleton (D:7)
  A worm (D:6)
  17 orcs
  A goblin (D:6)
  A hobgoblin (D:6)
  16 kobolds
  A bat (Sewer)
  A frilled lizard (Sewer)
  3 rats
116 creatures vanquished.

Vanquished Creatures (others)
  8 battlemagi
  2 fungi
  6 plants
16 creatures vanquished.

Grand Total: 427 creatures vanquished

Notes
Turn   | Place    | Note
-------+----------+-------------------------------------------
     0 | D:1      | issech the Minotaur Monk began the quest for the Orb.
     0 | D:1      | Reached XP level 1. HP: 19/19 MP: 0/0
   190 | D:1      | Found Fozer's Antique Armour Boutique.
   334 | D:1      | Reached XP level 2. HP: 24/27 MP: 1/1
   380 | D:1      | Found Meho's Jewellery Shoppe.
   589 | D:1      | Reached skill level 4 in Fighting
   820 | D:1      | Found Upogaili's Antique Armour Emporium.
   923 | D:1      | Found a faded altar of an unknown god.
   923 | D:1      | Noticed a sixfirhy
   963 | D:1      | Found Pidut's Assorted Antiques.
  1093 | D:2      | Reached XP level 3. HP: 33/33 MP: 2/2
  1112 | D:2      | Identified the +1 ring mail of Egalitarianism {Fly Will-
                  | Str+3 Dex+9}
  1646 | D:2      | Found an opulent altar of Gozag.
  1651 | D:2      | Reached XP level 4. HP: 40/40 MP: 3/3
  1715 | D:2      | Reached skill level 1 in Armour
  3298 | D:4      | Noticed an ogre
  3309 | D:4      | Killed an ogre
  3310 | D:4      | Reached skill level 5 in Axes
  3310 | D:4      | Reached XP level 5. HP: 17/47 MP: 4/4
  4001 | D:4      | Noticed Sigmund
  4029 | D:4      | Killed Sigmund
  4030 | D:4      | Reached skill level 1 in Slings
  4030 | D:4      | Reached XP level 6. HP: 14/55 MP: 5/5
  4391 | D:4      | Noticed Robin
  4403 | D:4      | Killed Robin
  4663 | D:4      | Noticed Duvessa
  4667 | D:4      | Noticed Dowan
  4676 | D:4      | Killed Duvessa
  4677 | D:4      | Reached skill level 5 in Fighting
  4677 | D:4      | Reached XP level 7. HP: 8/61 MP: 6/6
  4681 | D:4      | Killed Dowan
  5226 | D:5      | Entered Level 5 of the Dungeon
  5226 | D:5      | You are sucked into a shaft and drop 3 floors!
  5226 | D:8      | Found a basalt altar of Yredelemnul.
  5338 | D:8      | Reached skill level 5 in Armour
  5403 | D:8      | Found an iron altar of Okawaru.
  5619 | D:8      | Reached skill level 1 in Short Blades
  5619 | D:8      | Reached XP level 8. HP: 20/69 MP: 7/7
  6434 | D:6      | Found a staircase to the Ecumenical Temple.
  6443 | Temple   | Entered the Ecumenical Temple
  6571 | Temple   | Became a worshipper of Hepliaklqana the Forgotten
  6571 | Temple   | Reached * piety under Hepliaklqana
  6571 | Temple   | Reached ** piety under Hepliaklqana
  6572 | Temple   | Remembered your ancestor Cuahtemoc as a battlemage
  6654 | D:6      | Found a glowing drain.
  6669 | Sewer    | Entered a sewer
  7044 | D:6      | Noticed a +0 dagger
  7046 | D:6      | Noticed a +0 spear
  7046 | D:6      | Noticed a +0 falchion
  7046 | D:6      | Noticed a +0 dagger
  7046 | D:6      | Noticed a +0 falchion
  7047 | D:6      | Noticed a +0 short sword
  7048 | D:6      | Noticed a +0 short sword
  7049 | D:6      | Noticed a +0 spear
  7052 | D:6      | Found a hide-covered altar of Uskayaw.
  7076 | D:6      | Reached skill level 6 in Fighting
  7134 | D:5      | Noticed Edmund
  7141 | D:5      | Killed Edmund
  7142 | D:5      | Reached skill level 5 in Dodging
  7446 | D:5      | Found a stormy altar of Qazlal.
  7455 | D:5      | Reached XP level 9. HP: 66/67 MP: 8/8
  7489 | D:5      | Found a white marble altar of Elyvilon.
  7561 | D:5      | Found an opulent altar of Gozag.
  7629 | D:5      | Reached skill level 1 in Maces & Flails
  7911 | D:6      | Found a bloodstained altar of Trog.
  8033 | D:6      | Found a blossoming altar of Fedhas.
  8191 | D:6      | Found a snail-covered altar of Cheibriados.
  9290 | D:7      | Reached *** piety under Hepliaklqana
  9294 | D:7      | Reached skill level 5 in Slings
  9516 | D:7      | Learned a level 2 spell: Passwall
  9614 | D:8      | Noticed Erica
  9621 | D:8      | Killed Erica
  9622 | D:8      | Reached skill level 7 in Fighting
 10099 | D:8      | Reached skill level 5 in Stealth
 10441 | D:9      | Reached XP level 10. HP: 77/77 MP: 9/9
 10442 | D:9      | Reached skill level 5 in Maces & Flails
 10536 | D:9      | Found a broken altar of Ashenzari.
 10570 | D:9      | Found a flagged portal.
 10593 | Bailey   | Entered a bailey
 10743 | Bailey   | Reached skill level 1 in Long Blades
 11213 | Bailey   | Reached skill level 1 in Polearms
 12009 | D:9      | Reached skill level 8 in Fighting
 12216 | D:9      | Found an ancient bone altar of Kikubaaqudgha.
 12267 | D:9      | Identified the +10 rapier of Westia {vorpal, *Noise rPois
                  | Int+4 Dex+7}
 12284 | D:9      | Found a staircase to the Orcish Mines.
 12297 | D:9      | Reached XP level 11. HP: 75/84 MP: 10/10
 12431 | D:9      | Found a radiant altar of Vehumet.
 13393 | D:1      | Bought the ring "Ohaerisabb" {Fly rPois rN+ Will++ MP-9}
                  | for 273 gold pieces
 13818 | D:10     | Entered Level 10 of the Dungeon
 13996 | D:10     | Found a staircase to the Lair.
 14086 | D:10     | Reached **** piety under Hepliaklqana
 14207 | D:10     | Noticed a two-headed ogre
 14210 | D:10     | Killed a two-headed ogre
 14287 | D:10     | Found a shimmering altar of Xom.
 14288 | D:10     | Found a shimmering altar of Xom.
 14289 | D:10     | Found a shimmering altar of Xom.
 14360 | D:10     | Found a shimmering altar of Xom.
 14374 | D:10     | Found a shimmering altar of Xom.
 14380 | D:10     | Found a shimmering altar of Xom.
 14548 | D:10     | Noticed a three-headed hydra
 14553 | D:10     | Killed a three-headed hydra
 14813 | D:10     | Reached skill level 9 in Fighting
 15355 | D:11     | Reached skill level 5 in Short Blades
 15885 | D:12     | Noticed a deep elf pyromancer
 16320 | D:12     | Killed a deep elf pyromancer
 16612 | D:12     | Noticed a boulder beetle
 16625 | D:12     | Killed a boulder beetle
 16862 | D:12     | Reached ***** piety under Hepliaklqana
 16985 | D:12     | Reached XP level 12. HP: 80/95 MP: 2/11
 16992 | D:12     | Reached skill level 10 in Armour
 17800 | D:11     | Gained mutation: Your spells are a little easier to cast,
                  | but a little less powerful. [potion of mutation]
 17800 | D:11     | Lost mutation: Your spells are a little easier to cast, but
                  | a little less powerful. [potion of mutation]
 17915 | D:12     | Reached skill level 10 in Fighting
 18367 | D:13     | Found a gate to the Vaults.
 18367 | D:13     | Noticed a vault guard
 18367 | D:13     | Noticed a vault guard
 18367 | D:13     | Noticed a vault guard
 18367 | D:13     | Noticed a vault guard
 18367 | D:13     | Noticed a vault guard
 18501 | D:13     | Found a runed translucent gate.
 18501 | D:13     | Found a runed translucent gate.
 18501 | D:13     | Found a runed translucent gate.
 18528 | D:13     | Noticed Iplucs's ghost (journeyman FeBe)
 19283 | D:13     | Noticed a catoblepas
 19287 | D:13     | Killed a catoblepas
 19741 | D:14     | Noticed a centaur warrior
 19870 | D:14     | Killed a centaur warrior
 20224 | D:14     | Noticed a tengu warrior
 20235 | D:14     | Killed a tengu warrior
 20237 | D:14     | Reached skill level 11 in Fighting
 20558 | D:15     | Entered Level 15 of the Dungeon
 20690 | D:14     | Noticed a deep troll earth mage
 20690 | D:14     | Noticed a deep troll earth mage
 20691 | D:14     | Found a runed translucent door.
 20693 | D:14     | Noticed a yaktaur captain
 20693 | D:14     | Noticed a frost giant
 20693 | D:14     | Noticed a sphinx
 20693 | D:14     | Noticed a fire giant
 20706 | D:14     | Noticed a five-headed hydra
 20714 | D:14     | Reached skill level 10 in Short Blades
 20716 | D:14     | Killed a five-headed hydra
 21076 | D:14     | Identified 3 scrolls of acquirement
 21080 | D:14     | Acquired a manual of Shields
 21088 | D:14     | Acquired the +2 pair of gloves "Puniaq" {+Blink rCorr
                  | Dex+2}
 21109 | D:14     | Acquired 796 gold pieces
 21171 | D:14     | Reached XP level 13. HP: 54/104 MP: 3/12
 21365 | D:14     | Found Xempo's Antique Armour Shop.
 21813 | D:15     | Noticed Kirke
 21859 | D:15     | Killed Kirke
 21888 | D:15     | Noticed a fire dragon
 21897 | D:15     | Noticed an ettin
 22316 | D:14     | Killed a fire dragon
 22611 | D:1      | Bought a tower shield for 126 gold pieces
 22668 | D:1      | Bought a faintly glowing chain mail for 266 gold pieces
 22668 | D:1      | Identified the +4 chain mail of Gravity {rF+ Will++ Str+2
                  | Int-5} (You bought it in a shop on level 1 of the Dungeon)
 23358 | D:15     | Found a staircase to the Depths.
 23411 | D:15     | Reached skill level 12 in Fighting
 23411 | D:15     | Reached skill level 1 in Shields
 23809 | D:15     | Reached skill level 1 in Throwing
 23838 | D:15     | Noticed Rupert
 23846 | D:15     | Killed Rupert
 24043 | D:15     | Identified the +0 pair of gloves of Winter {Harm rC+ Will+
                  | Dex+4}
 24089 | D:15     | Killed an ettin
 24267 | Depths:1 | Entered Level 1 of the Depths
 24283 | D:15     | Slain by a deep troll earth mage

Illustrated notes

Levels and vault maps discovered:
D:1:      heliophobic_arrival_dark_side_of_the_moon, layout_basic, serial_shops,
          nicolae_shop_hallway_plus, shop, nicolae_square_shop, shop,
          dreamdust_ecumenical_altar_sealed_demon, hangedman_feature_mirror
D:2:      layout_loops_cross, basic_altar
D:3:      layout_basic, nicolae_figureground_pulse
D:4:      layout_basic, uniq_sigmund, uniq_robin, uniq_duvessa
D:5:      layout_gridville, nicolae_qazlal_scattered_showers,
          nicolae_gozag_seed_capital, mainiacjoe_overflow_boulevard, uniq_edmund
D:6:      layout_basic, chei_slow_surprise, nicolae_uskayaw_en_pointe,
          trog_hazing_becter, fedhas_altar_4, temple_green,
          portal_sewer_entry_b, uniq_crazy_yiuf_cottage
D:7:      layout_cave_pods
D:8:      layout_basic, okawaru_ov_weapons_minmay, yredelemnul_altar_generic,
          hangedman_decor_push, lightli_minifort, uniq_erica
D:9:      layout_cave_pools, nicolae_ashenzari_skybound,
          mainiacjoe_overflow_alcove_4, mainiacjoe_overflow_alcove_1,
          orc_0_dummy, enter_bailey_7
D:10:     layout_irregular_city, xom_redecorated, lair_entry_dummy,
          hangedman_ranch
D:11:     minmay_stone_box, layout_long_grid, kennysheep_another_room,
          hangedman_decor_riveting
D:12:     layout_basic
D:13:     layout_irregular_city, erik_vaults_2, gammafunk_ghost_nasty_kobolds
D:14:     minmay_gate_of_8, layout_stronghold, serial_shops, nicolae_shop_trees
D:15:     hangedman_depths_entry_civil_slaughter, layout_gridville, uniq_kirke,
          uniq_rupert
Temple:   compressed_dpeg_triangle_lava_temple
Depths:1: layout_gridlike, serial_shops, kennysheep_little_box, shop,
          abyss_entry_crystal, hangedman_coc_ice_floe, lemuel_blue_sif_altar

Skill      XL: |  1  2  3  4  5  6  7  8  9 10 11 12 13 |
---------------+----------------------------------------+-----
Axes           | 4 5 6 7 |  7.5
Fighting       | 4 5 6 7 8 9 11 12 | 12.2
Dodging        | 4 5 6 7 8 9 |  9.4
Armour         | 3 4 5 7 8 9 11 | 11.8
Stealth        | 2 3 4 5 6 7 |  7.6
Slings         | 1 2 3 4 5 7 |  7.0
Short Blades   | 1 3 7 10 11 | 11.6
Maces & Flails | 4 6 8 |  8.2
Long Blades    | 2 |  2.7
Polearms       | 3 |  3.5
Shields        | 3 |  3.6
Throwing       | 1 |  1.3

Action                   |  1- 3 |  4- 6 |  7- 9 | 10-12 | 13-15 || total
-------------------------+-------+-------+-------+-------+-------++-------
Melee: Hand axe          |    75 |    27 |       |       |       ||   102
       Headbutt          |     9 |     9 |    50 |   122 |    32 ||   222
       War axe           |       |    41 |    38 |     2 |       ||    81
       Punch             |       |     1 |     3 |     6 |     3 ||    13
       Dagger            |       |     7 |   142 |       |       ||   149
       Dire flail        |       |       |    35 |    45 |       ||    80
       Halberd           |       |       |       |    30 |       ||    30
       Great sword       |       |       |       |    17 |       ||    17
       Rapier            |       |       |       |   275 |   104 ||   379
 Fire: Hunting sling     |       |    17 |    22 |    66 |       ||   105
Throw: Stone             |       |     5 |       |     3 |       ||     8
       Boomerang         |       |       |       |       |     6 ||     6
Invok: Ancestor Life: Ba |       |       |     1 |       |       ||     1
  Use: Scroll            |       |       |    12 |    10 |     2 ||    24
       Potion            |       |       |       |     5 |     1 ||     6
 Stab: Sleeping          |     2 |     2 |    10 |     4 |       ||    18
       Distracted        |       |       |     3 |     8 |     6 ||    17
       Invisible         |       |       |       |     1 |       ||     1
Armor: Leather armour    |     4 |       |       |       |       ||     4
       Chain mail        |    14 |       |       |       |    34 ||    48
       Ring mail         |    10 |    15 |    78 |   112 |    16 ||   231
       Skin              |       |       |       |     1 |       ||     1
Dodge: Dodged            |    48 |    39 |   168 |   429 |   100 ||   784
       Repelled          |       |       |     1 |     5 |     2 ||     8
Block: Tower shield      |       |       |       |       |    66 ||    66
